 Dungeon Sprint DCSS version 0.17.0-28-g6e173f8 (webtiles) character file.

44640 Kidiri the Unseen (level 13, -9/69 HPs)
             Began as a Spriggan Enchanter on Nov 23, 2015.
             Was the Champion of Dithmenos.
             Killed from afar by a Brimstone Fiend (37 damage)
             ... with a blast of hellfire
             ... summoned by a deep elf demonologist
             ... in the Dungeon (Sprint III: "The Ten Rune Challenge") on Nov 24, 2015.
             The game lasted 00:17:24 (4523 turns).

Kidiri the Unseen (Spriggan Enchanter)              Turns: 4523, Time: 00:17:25

Health: -9/69      AC:  7    Str:  6    XL:     13   Next: 27%
Magic:  6/34       EV: 34    Int: 19    God:    Dithmenos [******]
Gold:   4320       SH:  8    Dex: 19    Spells: 10 memorised, 16 levels left

rFire  . . .     SeeInvis +     x - +0 dagger (venom)
rCold  . . .     Clarity  .     a - +1 robe {rPois}
rNeg   . . .     SustAt   .     E - +0 buckler
rPois  +         Gourm    .     w - +2 hat {SInv}
rElec  .         Spirit   .     (no cloak)
rCorr  .         Warding  .     (gloves unavailable)
rMut   .         NoTele   +     (boots unavailable)
MR     ++...                    (no amulet)
Stlth  ++++++++++               (no ring)
                                (no ring)

@: wreathed by umbra, very quick, very resistant to hostile enchantments,
uncannily stealthy
A: unfitting armour, large bone plates 1, see invisible, herbivore 3, speed 3,
slow metabolism 2, spit poison 1, strong 1
a: Spit Poison, Shadow Step, Shadow Form, Renounce Religion
}: 1/10 runes: serpentine


You were in the Dungeon.
You worshipped Dithmenos.
Dithmenos was exalted by your worship.
You were not hungry.

You visited 1 branch You collected 4320 gold pieces.

Inventory:

Hand Weapons
 c - a +2 dagger of holy wrath
 x - a +0 dagger of venom (weapon)
Armour
 a - a +1 robe of poison resistance (worn)
 b - a +1 robe
 w - a +2 hat of see invisible (worn)
 E - a +0 buckler (worn)
Scrolls
 j - a scroll of blinking
 k - a scroll of amnesia {unknown}
 m - a scroll of holy word {unknown}
 n - a scroll of enchant armour {unknown}
 o - 3 scrolls of remove curse
 s - a scroll of torment {unknown}
 t - a scroll of identify {unknown}
Potions
 e - 2 potions of curing
 g - a potion of haste
 h - 2 potions of magic
 l - a potion of resistance {unknown}
 q - 2 potions of cure mutation
 r - a potion of might
 u - a potion of flight {unknown}
 v - a potion of cancellation {unknown}
Comestibles
 d - a bread ration
 i - 6 fruits
 p - 26 royal jellies


   Skills:
 + Level 8.6 Fighting
 * Level 14.8 Short Blades
 + Level 7.5 Armour
 * Level 18.4 Dodging
 * Level 20.1 Stealth
 * Level 0.4 Shields
 * Level 16.1 Spellcasting
 + Level 7.4 Conjurations
 + Level 12.1 Hexes
 + Level 13.0 Translocations
 + Level 8.1 Ice Magic
 - Level 2.1 Invocations


You had 16 spell levels left.
You knew the following spells:

 Your Spells              Type           Power        Failure   Level  Hunger
a - Corona                Hex            ######.      1%          1    None
b - Ensorcelled Hibernat  Hex/Ice        ######       1%          2    None
c - Confuse               Hex            ######..     1%          3    None
d - Tukima's Dance        Hex            ######..     1%          3    None
e - Dazzling Spray        Conj/Hex       ######..     1%          3    None
f - Slow                  Hex            ######..     1%          2    None
g - Gell's Gravitas       Hex/Tloc       ######....   1%          3    None
h - Apportation           Tloc           ######....   1%          1    None
i - Cause Fear            Hex            ######....   1%          4    None
j - Invisibility          Hex            ######..     10%         6    #####..


Dungeon Overview and Level Annotations

Branches:
Dungeon (1/1)

Altars:
Cheibriados
Dithmenos
Elyvilon
Fedhas
Gozag
Kikubaaqudgha
Makhleb
Nemelex Xobeh
Okawaru
Qazlal
Ru
Sif Muna
Trog
Vehumet
Xom
Yredelemnul
Zin
The Shining One
Beogh
Jiyva
Lugonu

Shops:
D (?:!=[}


Innate Abilities, Weirdness & Mutations

You are tiny and cannot use many weapons and most armour.
You have supernaturally acute eyesight.
You are a herbivore.
You cover ground extremely quickly.
You need consume almost no food.
You are partially covered in large bone plates (AC +2, SH +2).
You can spit weak poison.
Your muscles are strong. (Str +2)


Message History

Press: ? - help, Shift-Dir - straight line, f - Brimstone Fiend
Aim: a Brimstone Fiend (black smoke, water, heavily wounded, summoned, umbra)
The spray of energy hits the Brimstone Fiend.
The Brimstone Fiend is heavily wounded.
The Brimstone Fiend calls on the powers of darkness!
Your body is wracked with pain!
Unknown command.
Casting: Dazzling Spray
Confirm with . or Enter, or press ? or * to list all spells.
Aiming: Dazzling Spray
Press: ? - help, Shift-Dir - straight line, f/p - Brimstone Fiend
Aim: a Brimstone Fiend (black smoke, water, heavily wounded, summoned, umbra)
The spray of energy hits the Brimstone Fiend.
The Brimstone Fiend is heavily wounded.
Your shadow mimicks your spell!
The shadow shard misses the Brimstone Fiend.
The Brimstone Fiend gestures at you.
The hellfire explodes!
The blast of hellfire engulfs you!
Ouch! That really hurt!
You die...

▓▓▓ ## ####.######## ###
_######_.∩..'.#...# ...'
_#.........##.#.§§##≈≈≈≈#
##...))...)##.#§§§1≈≈e2e.
.#.)......###.#§§§##≈≈≈≈#
.#)#)#.#.#..#.§§@§# ...'
'#)[###.##.######## ###
.#'###########################
.#..≈§≈+.#.+.).+.#.#.#.+%..≈≈#
.#§#≈§§#.#.#...##.#.#.##.%%≈≈###
.'.#§§.#.#.#)..#.#.#.#.#..%≈≈≈≈#
.#.#.§§#...#.):##.#.#.##.%%≈≈≈≈#
▓▓▓▓▓▓▓▓▓▓▓▓▓▓▓#.#.#.#.#.......#
≈........≈≈≈...##.#.#.##.......#


You could see a Brimstone Fiend.

Vanquished Creatures
  Gastronok (D)
  A greater naga (D)
  Maud (D)
  2 dire elephants (D)
  Josephine (D)
  2 hydras (D)
  A naga warrior (D)
  A centaur warrior (D)
  4 death yaks (D)
  2 anacondas (D)
  An orc high priest (D)
  3 death drakes (D)
  A deep elf knight (D)
  A deep elf summoner (D)
  A spriggan druid (D)
  An unseen horror (D)
  A lindwurm (D)
  2 deep elf conjurers (D)
  A guardian serpent (D)
  2 elephants (D)
  A komodo dragon (D)
  2 spiny frogs (D)
  A fire drake (D)
  7 black mambas (D)
  A queen bee (D)
  3 wandering mushrooms (D)
  3 deep elf priests (D)
  8 blink frogs (D)
  3 redbacks (D)
  2 spriggans (D)
  A shadow (D)
  A naga (D)
  A spatial vortex (D)
  2 water moccasins (D)
  2 orc warriors (D)
  A swamp drake (D)
  A necrophage (D)
  2 swamp dragon skeletons (D)
  An earth elemental (D)
  2 brain worms (D)
  2 centaurs (D)
  A water elemental (D)
  A scorpion (D)
  32 killer bees (D)
  An electric eel (D)
  A jelly (D)
  4 orc wizards (D)
  A wizard (D)
  An orc priest (D)
  A necromancer (D)
  3 humans (D)
  A kobold demonologist (D)
  6 adders (D)
  An ooze (D)
  10 orcs (D)
  3 rats (D)
144 creatures vanquished.

Vanquished Creatures (collateral kills)
  Rupert (D)
  A naga (D)
2 creatures vanquished.

Vanquished Creatures (others)
  2 draconian scorchers (D)
  A dancing weapon (D)
  A yaktaur (D)
  5 plants (D)
9 creatures vanquished.

Grand Total: 155 creatures vanquished

Notes
Turn   | Place    | Note
--------------------------------------------------------------
     0 | D        | Kidiri the Spriggan Enchanter began the quest for the Orb.
     0 | D        | Reached XP level 1. HP: 9/9 MP: 5/5
    15 | D        | Reached skill level 5 in Stealth
   105 | D        | Noticed a scorpion
   108 | D        | Killed a scorpion
   108 | D        | Reached skill level 1 in Fighting
   108 | D        | Reached skill level 1 in Armour
   108 | D        | Reached skill level 5 in Dodging
   108 | D        | Reached skill level 6 in Stealth
   108 | D        | Reached XP level 2. HP: 12/14 MP: 5/8
   108 | D        | Reached XP level 3. HP: 15/18 MP: 6/10
   116 | D        | Learned a level 2 spell: Ensorcelled Hibernation
   120 | D        | Learned a level 3 spell: Confuse
   124 | D        | Learned a level 3 spell: Dazzling Spray
   153 | D        | Reached XP level 4. HP: 23/23 MP: 11/11
   158 | D        | Learned a level 3 spell: Tukima's Dance
   169 | D        | Gained mutation: Your spells are a little easier to cast, but a little less powerful. [potion of mutation]
   169 | D        | Gained mutation: You are robust (+10% HP). [potion of mutation]
   169 | D        | Gained mutation: You regenerate slowly when monsters are visible. [potion of mutation]
   170 | D        | Lost mutation: You are robust (+10% HP). [potion of cure mutation]
   170 | D        | Lost mutation: Your spells are a little easier to cast, but a little less powerful. [potion of cure mutation]
   170 | D        | Lost mutation: You regenerate slowly when monsters are visible. [potion of cure mutation]
   171 | D        | Gained mutation: You are partially covered in large bone plates (AC +2, SH +2). [potion of mutation]
   171 | D        | Gained mutation: You can spit weak poison. [potion of mutation]
   171 | D        | Gained mutation: Your muscles are strong. (Str +2) [potion of mutation]
   179 | D        | Noticed a water elemental
   208 | D        | Killed a water elemental
   208 | D        | Reached skill level 7 in Stealth
   208 | D        | Reached skill level 5 in Spellcasting
   208 | D        | Reached skill level 1 in Conjurations
   208 | D        | Reached skill level 1 in Ice Magic
   213 | D        | Killed a yaktaur
   229 | D        | Killed a white draconian scorcher
   316 | D        | Killed a white draconian scorcher
   364 | D        | Noticed a jelly
   365 | D        | Noticed a shadow
   367 | D        | Killed a shadow
   367 | D        | Reached skill level 5 in Short Blades
   367 | D        | Reached skill level 9 in Stealth
   367 | D        | Reached skill level 5 in Hexes
   367 | D        | Reached XP level 5. HP: 27/27 MP: 13/15
   374 | D        | Killed a jelly
   374 | D        | Reached XP level 6. HP: 32/32 MP: 9/16
   419 | D        | Found a stormy altar of Qazlal.
   420 | D        | Found a sacrificial altar of Ru.
   420 | D        | Found a burning altar of Makhleb.
   420 | D        | Found a viscous altar of Jiyva.
   420 | D        | Found a shimmering altar of Xom.
   420 | D        | Found a shadowy altar of Dithmenos.
   420 | D        | Found a sparkling altar of Nemelex Xobeh.
   420 | D        | Found a corrupted altar of Lugonu.
   420 | D        | Found an opulent altar of Gozag.
   420 | D        | Noticed a spatial vortex
   424 | D        | Became a worshipper of Dithmenos the Shadowed
   753 | D        | Killed a spatial vortex
   753 | D        | Reached skill level 1 in Invocations
   875 | D        | Found a radiant altar of Vehumet.
   876 | D        | Found a deep blue altar of Sif Muna.
   876 | D        | Found an ancient bone altar of Kikubaaqudgha.
   876 | D        | Noticed a wizard
   877 | D        | Killed a wizard
   877 | D        | Reached skill level 10 in Stealth
   888 | D        | Learned a level 2 spell: Slow
   892 | D        | Learned a level 3 spell: Gell's Gravitas
   894 | D        | Learned a level 1 spell: Apportation
   903 | D        | Found a glowing silver altar of Zin.
   904 | D        | Found a glowing golden altar of the Shining One.
   904 | D        | Found a white marble altar of Elyvilon.
   904 | D        | Noticed a deep elf priest
   906 | D        | Killed a deep elf priest
   906 | D        | Reached * piety under Dithmenos
   906 | D        | Reached XP level 7. HP: 36/36 MP: 17/19
   915 | D        | Learned a level 4 spell: Cause Fear
   923 | D        | Found an iron altar of Okawaru.
   924 | D        | Found a bloodstained altar of Trog.
   924 | D        | Noticed a human
   924 | D        | Noticed a human
   931 | D        | Killed a human
   931 | D        | Reached skill level 11 in Stealth
   936 | D        | Killed a human
   936 | D        | Reached skill level 10 in Dodging
   995 | D        | Found a snail-covered altar of Cheibriados.
   995 | D        | Noticed a necrophage
   996 | D        | Found a basalt altar of Yredelemnul.
   996 | D        | Found a blossoming altar of Fedhas.
   996 | D        | Noticed a necromancer
   997 | D        | Killed a necrophage
   997 | D        | Reached ** piety under Dithmenos
   997 | D        | Reached XP level 8. HP: 42/42 MP: 21/21
   998 | D        | Killed a necromancer
  1030 | D        | Noticed Josephine
  1033 | D        | Killed Josephine
  1033 | D        | Reached skill level 12 in Stealth
  1084 | D        | Noticed an earth elemental
  1087 | D        | Killed an earth elemental
  1092 | D        | Noticed a centaur
  1092 | D        | Noticed a centaur warrior
  1092 | D        | Noticed a centaur
  1094 | D        | Killed a centaur
  1094 | D        | Reached skill level 5 in Translocations
  1101 | D        | Killed a centaur warrior
  1101 | D        | Reached *** piety under Dithmenos
  1101 | D        | Reached skill level 13 in Stealth
  1101 | D        | Reached skill level 10 in Spellcasting
  1101 | D        | Reached XP level 9. HP: 36/46 MP: 19/24
  1105 | D        | Killed a centaur
  1115 | D        | Learned a level 6 spell: Invisibility
  1181 | D        | Noticed an unseen horror
  1183 | D        | Killed an unseen horror
  1183 | D        | Reached skill level 5 in Fighting
  1193 | D        | Noticed a killer bee
  1193 | D        | Noticed a queen bee
  1193 | D        | Noticed a killer bee
  1193 | D        | Noticed a killer bee
  1193 | D        | Noticed a killer bee
  1193 | D        | Noticed a killer bee
  1193 | D        | Noticed a killer bee
  1193 | D        | Noticed a killer bee
  1193 | D        | Noticed a killer bee
  1193 | D        | Noticed a killer bee
  1193 | D        | Noticed a killer bee
  1193 | D        | Noticed a killer bee
  1193 | D        | Noticed a killer bee
  1193 | D        | Noticed a killer bee
  1193 | D        | Noticed a killer bee
  1194 | D        | Noticed a killer bee
  1194 | D        | Noticed a killer bee
  1194 | D        | Noticed a killer bee
  1194 | D        | Noticed a killer bee
  1194 | D        | Noticed a killer bee
  1194 | D        | Noticed a killer bee
  1194 | D        | Noticed a killer bee
  1194 | D        | Noticed a killer bee
  1194 | D        | Noticed a killer bee
  1194 | D        | Noticed a killer bee
  1194 | D        | Noticed a killer bee
  1194 | D        | Noticed a killer bee
  1194 | D        | Noticed a killer bee
  1194 | D        | Noticed a killer bee
  1194 | D        | Noticed a killer bee
  1194 | D        | Noticed a killer bee
  1194 | D        | Noticed a killer bee
  1194 | D        | Noticed a killer bee
  1195 | D        | Killed a killer bee
  1198 | D        | Killed a queen bee
  1198 | D        | Reached **** piety under Dithmenos
  1199 | D        | Killed a killer bee
  1199 | D        | Killed a killer bee
  1200 | D        | Killed a killer bee
  1200 | D        | Reached skill level 10 in Short Blades
  1200 | D        | Killed a killer bee
  1200 | D        | Reached skill level 14 in Stealth
  1200 | D        | Killed a killer bee
  1200 | D        | Killed a killer bee
  1200 | D        | Reached ***** piety under Dithmenos
  1200 | D        | Killed a killer bee
  1200 | D        | Killed a killer bee
  1201 | D        | Killed a killer bee
  1201 | D        | Killed a killer bee
  1201 | D        | Killed a killer bee
  1201 | D        | Killed a killer bee
  1201 | D        | Reached XP level 10. HP: 42/51 MP: 11/26
  1201 | D        | Killed a killer bee
  1201 | D        | Killed a killer bee
  1201 | D        | Killed a killer bee
  1201 | D        | Killed a killer bee
  1202 | D        | Killed a killer bee
  1202 | D        | Killed a killer bee
  1202 | D        | Killed a killer bee
  1202 | D        | Killed a killer bee
  1202 | D        | Killed a killer bee
  1202 | D        | Reached ****** piety under Dithmenos
  1203 | D        | Killed a killer bee
  1203 | D        | Killed a killer bee
  1203 | D        | Killed a killer bee
  1203 | D        | Killed a killer bee
  1204 | D        | Killed a killer bee
  1204 | D        | Killed a killer bee
  1204 | D        | Killed a killer bee
  1205 | D        | Killed a killer bee
  1205 | D        | Killed a killer bee
  1205 | D        | Killed a killer bee
  1205 | D        | Reached skill level 5 in Ice Magic
  1354 | D        | Noticed a wandering mushroom
  1355 | D        | Noticed a wandering mushroom
  1355 | D        | Noticed a wandering mushroom
  1358 | D        | Killed a wandering mushroom
  1360 | D        | Killed a wandering mushroom
  1362 | D        | Killed a wandering mushroom
  1461 | D        | Noticed a spiny frog
  1461 | D        | Noticed a komodo dragon
  1461 | D        | Noticed a spiny frog
  1464 | D        | Killed a spiny frog
  1464 | D        | Reached skill level 5 in Armour
  1464 | D        | Reached skill level 15 in Stealth
  1466 | D        | Killed a spiny frog
  1469 | D        | Killed a komodo dragon
  1473 | D        | Noticed a redback
  1475 | D        | Killed a redback
  1476 | D        | Noticed a brain worm
  1479 | D        | Killed a brain worm
  1516 | D        | Noticed a brain worm
  1518 | D        | Killed a brain worm
  1518 | D        | Reached skill level 5 in Conjurations
  1521 | D        | Noticed a lindwurm
  1523 | D        | Noticed a redback
  1524 | D        | Killed a lindwurm
  1526 | D        | Killed a redback
  1531 | D        | Noticed a redback
  1532 | D        | Killed a redback
  1533 | D        | Noticed Maud
  1535 | D        | Killed Maud
  1535 | D        | Reached XP level 11. HP: 57/57 MP: 28/28
  1543 | D        | Noticed an electric eel
  1544 | D        | Noticed a six-headed hydra
  1544 | D        | Noticed a six-headed hydra
  1545 | D        | Killed an electric eel
  1545 | D        | Reached skill level 16 in Stealth
  1547 | D        | Killed a six-headed hydra
  1548 | D        | Killed a six-headed hydra
  1548 | D        | Reached skill level 15 in Dodging
  1592 | D        | Noticed a death drake
  1595 | D        | Killed a death drake
  1785 | D        | Found a blossoming altar of Fedhas.
  1785 | D        | Noticed a spriggan
  1785 | D        | Noticed a spriggan druid
  1785 | D        | Noticed a spriggan
  1787 | D        | Killed a spriggan druid
  1787 | D        | Reached skill level 10 in Hexes
  1788 | D        | Killed a spriggan
  1788 | D        | Reached skill level 10 in Translocations
  1789 | D        | Killed a spriggan
  1821 | D        | Noticed a black mamba
  1821 | D        | Noticed a black mamba
  1821 | D        | Noticed a black mamba
  1821 | D        | Noticed a black mamba
  1824 | D        | Killed a black mamba
  1827 | D        | Killed a black mamba
  1829 | D        | Killed a black mamba
  1829 | D        | Reached skill level 17 in Stealth
  1831 | D        | Killed a black mamba
  1861 | D        | Noticed an anaconda
  1861 | D        | Noticed a black mamba
  1873 | D        | Killed a black mamba
  1961 | D        | Noticed an anaconda
  1964 | D        | Killed an anaconda
  1966 | D        | Killed an anaconda
  2004 | D        | Noticed a water moccasin
  2004 | D        | Noticed a water moccasin
  2010 | D        | Killed a water moccasin
  2016 | D        | Killed a water moccasin
  2057 | D        | Noticed a naga
  2057 | D        | Noticed a naga
  2058 | D        | Noticed a naga warrior
  2058 | D        | Noticed a greater naga
  2058 | D        | Found Baefid's Distillery.
  2058 | D        | Found Jekly's Jewellery Shoppe.
  2059 | D        | Killed a naga
  2060 | D        | Found Jeizudd's Antique Armour Boutique.
  2061 | D        | Killed a greater naga
  2061 | D        | Reached XP level 12. HP: 63/63 MP: 25/31
  2071 | D        | Killed a naga
  2080 | D        | Killed a naga warrior
  2184 | D        | Noticed a guardian serpent
  2186 | D        | Killed a guardian serpent
  2188 | D        | Got a serpentine rune of Zot
  2270 | D        | Noticed a swamp drake
  2270 | D        | Noticed a fire drake
  2271 | D        | Killed a fire drake
  2271 | D        | Reached skill level 18 in Stealth
  2274 | D        | Killed a swamp drake
  2285 | D        | Noticed a blink frog
  2286 | D        | Noticed a blink frog
  2287 | D        | Noticed a blink frog
  2287 | D        | Noticed a blink frog
  2287 | D        | Noticed a blink frog
  2288 | D        | Killed a blink frog
  2290 | D        | Killed a blink frog
  2291 | D        | Killed a blink frog
  2294 | D        | Killed a blink frog
  2298 | D        | Killed a blink frog
  2386 | D        | Noticed Rupert
  2405 | D        | Killed Rupert
  2486 | D        | Noticed a death yak
  2487 | D        | Noticed a death yak
  2487 | D        | Noticed a blink frog
  2488 | D        | Noticed an azure jelly
  2488 | D        | Noticed a death yak
  2488 | D        | Noticed an azure jelly
  2488 | D        | Noticed a blink frog
  2488 | D        | Noticed a death yak
  2489 | D        | Noticed a blink frog
  2498 | D        | Killed a death yak
  2752 | D        | Noticed a black mamba
  2753 | D        | Killed a blink frog
  2761 | D        | Killed a death yak
  2899 | D        | Killed a blink frog
  2900 | D        | Noticed a black mamba
  2905 | D        | Killed a black mamba
  2913 | D        | Killed a black mamba
  2913 | D        | Reached skill level 15 in Spellcasting
  2915 | D        | Killed a blink frog
  2919 | D        | Killed a death yak
  2919 | D        | Reached skill level 19 in Stealth
  3066 | D        | Killed a death yak
  3143 | D        | Noticed a death drake
  3145 | D        | Killed a death drake
  3149 | D        | Noticed a death drake
  3150 | D        | Found Xumaiq's Antique Weapon Shoppe.
  3151 | D        | Found Joabburi's Magic Scroll Boutique.
  3151 | D        | Noticed a swamp dragon skeleton
  3151 | D        | Noticed a swamp dragon skeleton
  3152 | D        | Killed a death drake
  3156 | D        | Found Odwatoh's Book Emporium.
  3164 | D        | Killed a swamp dragon skeleton
  3172 | D        | Killed a swamp dragon skeleton
  3315 | D        | Noticed an azure jelly
  3315 | D        | Noticed an azure jelly
  3316 | D        | Noticed an elephant
  3316 | D        | Noticed an elephant
  3316 | D        | Noticed a dire elephant
  3316 | D        | Noticed a dire elephant
  3316 | D        | Noticed Gastronok
  3318 | D        | Killed Gastronok
  3319 | D        | Killed a dire elephant
  3319 | D        | Reached XP level 13. HP: 68/68 MP: 33/33
  3321 | D        | Killed a dire elephant
  3325 | D        | Killed an elephant
  3326 | D        | Killed an elephant
  3425 | D        | Found a roughly hewn altar of Beogh.
  3425 | D        | Found Zoawk's Gadget Shop.
  3425 | D        | Noticed an orc warrior
  3425 | D        | Noticed an orc wizard
  3425 | D        | Noticed an orc warrior
  3425 | D        | Noticed an orc high priest
  3425 | D        | Noticed an orc wizard
  3427 | D        | Noticed an orc wizard
  3428 | D        | Noticed an orc priest
  3429 | D        | Killed an orc high priest
  3431 | D        | Killed an orc warrior
  3432 | D        | Killed an orc wizard
  3434 | D        | Killed an orc warrior
  3435 | D        | Noticed an orc wizard
  3436 | D        | Killed an orc wizard
  3437 | D        | Killed an orc wizard
  3445 | D        | Killed an orc wizard
  3454 | D        | Killed an orc priest
  3616 | D        | Noticed a deep elf priest
  3616 | D        | Noticed a deep elf conjurer
  3616 | D        | Noticed a deep elf summoner
  3616 | D        | Noticed a deep elf priest
  3616 | D        | Noticed a deep elf knight
  3628 | D        | Killed a deep elf conjurer
  3629 | D        | Killed a deep elf knight
  3629 | D        | Reached skill level 20 in Stealth
  3629 | D        | Killed a deep elf priest
  3629 | D        | Killed a deep elf priest
  3633 | D        | Killed a deep elf summoner
  3708 | D        | Noticed a deep elf high priest
  3709 | D        | Noticed a deep elf conjurer
  3712 | D        | Noticed a deep elf death mage
  3713 | D        | Killed a deep elf conjurer
  3714 | D        | Noticed a deep elf demonologist
  3718 | D        | Noticed a balrug
  3872 | D        | Noticed a deep elf blademaster
  4063 | D        | Noticed a deep elf demonologist
  4066 | D        | Noticed a deep elf demonologist
  4310 | D        | Noticed a Brimstone Fiend
  4514 | D        | Noticed a Brimstone Fiend
  4520 | D        | Noticed a reaper
  4523 | D        | Killed from afar by a Brimstone Fiend

Action                   |  1- 3 |  4- 6 |  7- 9 | 10-12 | 13-15 || total
-------------------------+-------+-------+-------+-------+-------++-------
Melee: Dagger            |    12 |    25 |    21 |    70 |    20 ||   148
 Cast: Dazzling Spray    |       |    12 |     3 |    45 |    27 ||    87
       Ensorcelled Hiber |       |     1 |     3 |    12 |       ||    16
       Confuse           |       |       |     1 |     7 |       ||     8
       Gell's Gravitas   |       |       |     2 |     7 |     5 ||    14
       Invisibility      |       |       |       |     1 |       ||     1
       Tukima's Dance    |       |       |       |     3 |       ||     3
       Apportation       |       |       |       |       |     2 ||     2
Invok: Shadow Step       |       |       |       |    16 |       ||    16
  Use: Potion            |       |     4 |     1 |       |     1 ||     6
 Stab: Sleeping          |     4 |     5 |     9 |    45 |     3 ||    66
       Invisible         |       |       |     3 |     7 |       ||    10
       Confused          |       |       |     1 |       |       ||     1
       Distracted        |       |       |       |     1 |       ||     1
  Eat: Bread ration      |       |       |       |     1 |       ||     1
